 Dungeon Crawl Stone Soup version 0.29.0-11-gd7f09526c8 (webtiles) character file.

Game seed: 3535753846043554054

33 sentinel the Stinger (level 3, -6/26 HPs)
             Began as a Meteoran Venom Mage on Sept 4, 2022.
             Mangled by an iguana (11 damage)
             ... on level 4 of the Dungeon.
             The game lasted 00:01:45 (241 turns).

sentinel the Stinger (Meteoran Venom Mage)           Turns: 241, Time: 00:01:46

Health: -6/26      AC:  2    Str:  9    XL:     3   Next: 70%
Magic:  8/8        EV: 12    Int: 19    God:
Gold:   0          SH:  0    Dex: 14    Spells: 6/7 levels left

rFire   . . .      SeeInvis .   (no weapon)
rCold   . . .      Faith    .   (no shield)
rNeg    . . .      Spirit   .   a - +0 robe
rPois   .          Reflect  .   (no helmet)
rElec   .          Harm     .   (no cloak)
rCorr   .          Rampage  .   (no gloves)
Will    .....                   (no boots)
Stlth   +.........              (no amulet)
HPRegen 0.08/turn               (no ring)
MPRegen 0.11/turn               (no ring)

@: glowing
A: sense surroundings 1, otherworldly, glowing, explore regen
a: no special abilities


You were on level 4 of the Dungeon.
You visited 1 branch of the dungeon, and saw 4 of its levels.

Inventory:

Armour
 a - a +0 robe (worn)
 b - an orb of energy
Scrolls
 d - a scroll of fear {unknown}
 r - 2 scrolls of identify
Potions
 c - a potion of flight {unknown}
 h - a potion of haste


   Skills:
 - Level 2.4 Dodging
 - Level 1.4 Stealth
 - Level 2.6 Spellcasting
 - Level 1.2 Transmutations
 + Level 5.2 Poison Magic


You had 6 spell levels left.
You knew the following spells:

 Your Spells              Type           Power      Damage    Failure   Level
a - Sting                 Tmut/Pois      56%        1d5       4%          1

Your spell library contained the following spells:

 Spells                   Type           Power      Damage    Failure   Level
 Poisonous Vapours        Pois/Air       24%        N/A       9%          2
 Olgreb's Toxic Radiance  Pois           22%        N/A       19%         4
 Mephitic Cloud           Conj/Pois/Air  9%         N/A       24%         3


Dungeon Overview and Level Annotations

Branches:
Dungeon (4/15) Zot: 2158
 Temple: D:4-7

Altars:
Okawaru


Innate Abilities, Weirdness & Mutations

You passively map a small area around you.
You are easily found by Zot.
You glow in the dark.
You regain HP and MP as you explore.


Message History

There are no items here.
Found a glowing orb.
The jackal barks!
You hear a bark!
A jackal comes into view.
The jackal barks!
You hear a bark!
A jackal comes into view.
The sting hits the jackal.
The jackal is poisoned.
The jackal is heavily wounded.
The sting hits the jackal.
The jackal looks even sicker.
The jackal is almost dead.
You kill the jackal!
The jackal bites you.
You see here a scroll labelled DOULUA HEDWOCS.
d - a scroll labelled DOULUA HEDWOCS The jackal bites you but does no damage. x2
The jackal closely misses you.
The sting hits the jackal.
The jackal is poisoned.
The jackal is severely wounded.
You kill the jackal!
The jackal bites you. x2
The jackal barely misses you. The jackal bites you.
The jackal attacks as you move away! The jackal barely misses you.
The jackal attacks as you move away! The jackal bites you.
The sting misses the jackal.
The jackal closely misses you. The jackal bites you.
You hit the jackal but do no damage. The jackal bites you.
The jackal bites you. The jackal closely misses you. The jackal bites you.
You are out of magic!
The jackal attacks as you move away! The jackal barely misses you.
The jackal completely misses you.
A ball python comes into view.
Found a scroll of identify.
Found a stone staircase leading down.
The jackal attacks as you move away! The jackal barely misses you.
The jackal bites you.
The sting misses the ball python.
The jackal barely misses you. The ball python bites you.
The ball python grabs you. The ball python constricts you.
The sting misses the ball python.
The jackal bites you.
The ball python bites you but does no damage.
The ball python constricts you. The jackal bites you.
You are out of magic!
You are out of magic!
Magic courses through your body. The ball python misses you.
The ball python constricts you. The jackal closely misses you.
The sting hits the ball python.
The ball python is poisoned.
You kill the ball python!
The jackal bites you but does no damage.
The jackal bites you.
Your Poison Magic skill increases to level 5!
The sting hits the jackal.
The jackal is poisoned.
The jackal is moderately wounded.
The jackal barely misses you.
The sting misses the jackal.
The jackal barely misses you.
The sting misses the jackal.
The sting hits the worm.
The worm is poisoned.
The worm is lightly wounded.
You kill the jackal!
You see here a ball python corpse.
The sting hits the worm.
The worm looks even sicker.
The worm is moderately wounded.
The sting hits the worm.
The worm looks even sicker.
The worm is severely wounded.
You see here a scroll of identify.
The sting hits the worm.
The worm looks even sicker.
You kill the worm!
r - 2 scrolls of identify (gained 1)
A ball python comes into view.
The ball python hisses angrily.
You see here an orb of energy.
b - an orb of energy The sting hits the ball python.
The ball python is poisoned.
The ball python is moderately wounded.
You kill the ball python!
You can't see any susceptible monsters within range! (Use Z to cast anyway.)
You can't see any susceptible monsters within range! (Use Z to cast anyway.)
You see here a ball python corpse.
There is a stone staircase leading down here.
You climb downwards.
You hear the sound of rushing water.
There is an entrance to a sewer on this level.
Hurry and find it before the portal rusts away!
You hear the slow rusting of a drain nearby.
Magic restored.
HP restored.
The orc shouts! x2; The hobgoblin shouts!
The endoplasm quivers.
The orc shouts!
Found a robe, 13 gold pieces and a dagger.
Found an iron altar of Okawaru.
There is a stone staircase leading up here.
Okay, then.
The sting hits the orc but does no damage.
The orc is poisoned.
The orc hits you with a +0 flail. The jackal bites you.
The jackal bites you but does no damage.
You climb upwards.
There is a stone staircase leading down here.
The sting hits the orc.
The orc looks even sicker.
The orc is moderately wounded.
The orc closely misses you.
The sting misses the orc.
The orc closely misses you.
You see here a ball python corpse.
The sting hits the orc but does no damage.
The orc looks even sicker.
The orc is moderately wounded.
The orc hits you with a +0 flail!
The sting hits the orc but does no damage.
The orc looks as sick as possible!
The orc is moderately wounded.
You kill the orc!
Press: ? - help, v - describe, . - travel, g - get item
Items here: a +0 flail; a +0 leather armour; a worm corpse.
The floor.
You see here a jackal corpse.
There is a stone staircase leading down here.
You climb downwards.
You hear the sound of rushing water.
There is an entrance to a sewer on this level.
Hurry and find it before the portal rusts away!
The goblin shouts!
The iguana hisses angrily.
There is a stone staircase leading up, spattered with blood here.
The sting misses the goblin.
The goblin hits you but does no damage.
The sting hits the goblin.
The goblin is poisoned.
The goblin is moderately wounded.
The goblin closely misses you.
Found a stone staircase leading up.
The goblin attacks as you move away! The goblin hits you with a +0 dagger.
You kill the goblin!
The sting hits the iguana.
The iguana is poisoned.
The iguana is lightly wounded.
The sting hits the iguana but does no damage.
The iguana looks even sicker.
The iguana is moderately wounded.
The sting misses the iguana.
The iguana bites you!
* * * LOW HITPOINT WARNING * * *
The iguana attacks as you move away! The iguana bites you.
* * * LOW HITPOINT WARNING * * *
You are too injured to fight recklessly!
Casting: Sting (safe; 4% risk of failure)
Confirm with . or Enter, or press ? or * to list all spells.
Aiming: Sting (safe; 4% risk of failure)
Press: ? - help, Shift-Dir - straight line, f/p - iguana
Aim: an iguana (heavily wounded, very poisoned, 75% to hit)
Okay, then.
The iguana attacks as you move away! The iguana closely misses you.
Casting: Sting (safe; 4% risk of failure)
Confirm with . or Enter, or press ? or * to list all spells.
Aiming: Sting (safe; 4% risk of failure)
Press: ? - help, Shift-Dir - straight line, f/p - iguana
Aim: an iguana (heavily wounded, very poisoned, 75% to hit)
Okay, then.
The iguana attacks as you move away! The iguana bites you!
You die...

, .... #.#.# #..#
#.#.##
####...#####...<#
#..........#..>.#
,
..........>#....#
...[............#
.$$.....).......#
,
...........#l...#
.......<>..#.@..#
,.##.?.#####.....#
### #.....#
#.##.## * * #.#*.#
, , , ,.., .# *
*##. ,.# ,, ## * *
,


You could see an iguana (very poisoned).

Vanquished Creatures
  An adder (D:3)
  2 worms (D:3)
  2 dart slugs
  An orc (D:3)
  A giant cockroach (D:3)
  A goblin (D:4)
  3 jackals (D:3)
  2 ball pythons (D:3)
  2 rats (D:3)
15 creatures vanquished.

Notes
Turn   | Place    | Note
-------+----------+-------------------------------------------
     0 | D:1      | sentinel the Meteoran Venom Mage began the quest for the
                  | Orb.
     0 | D:1      | Reached XP level 1. HP: 14/14 MP: 5/5
    66 | D:3      | Reached skill level 4 in Poison Magic
    66 | D:3      | Reached XP level 2. HP: 10/20 MP: 1/6
    91 | D:3      | Reached XP level 3. HP: 23/26 MP: 1/8
   156 | D:3      | Reached skill level 5 in Poison Magic
   197 | D:4      | Found an iron altar of Okawaru.
   241 | D:4      | Mangled by an iguana

Illustrated notes

Levels and vault maps discovered:
D:1:      lemuel_arrival_muddy, layout_basic, shapermc_ecumenical_altar_petra,
          serial_shops, nicolae_shop_temple_entry_statues_fountains, shop,
          nicolae_shop_behind_doors, nicolae_shop_crystal, shop,
          serial_bayou_lake_a
D:2:      layout_basic, serial_curves, eino_curves_01, eino_curves_04
D:3:      layout_rooms
D:4:      layout_rooms, okawaru_gym_becter, portal_sewer_entry_a,
          minmay_manual_monolith

Skill      XL: |  1  2  3 |
---------------+----------+-----
Poison Magic   | 4 5 |  5.2
Dodging        | |  2.4
Stealth        | |  1.4
Spellcasting   | |  2.6
Transmutations | |  1.2

Action                   || total
-------------------------++-------
Melee: Unarmed           ||     1
 Cast: Sting             ||    45
  Use: Scroll            ||     1
       Potion            ||     1
Armor: Robe              ||    10
Dodge: Dodged            ||    22
